AoeStats
← 文風

African Clearing

506724706Analyzed
4v4 RM · 17d ago on Sep 14, 2026· 24m 29s· 8 players
Game mode
Random Map
Map size
Large (8 player)
Population
200
Speed
Normal
Resources
Standard
Victory
Conquest
Starting age
Dark Age
Ending age
Imperial Age
RankedLock teamsTeams togetherTeam positionsShared explorationLock speedFull tech treeHidden civsTurbo modeCheats
Victory
Defeat
🇫🇷 Koreans · France
1464
+15
🇺🇸 Tupi · United States
1443
+16
🇺🇸 Turks · United States
1386
+18
🇦🇷 Saracens · Argentina
1383
+18
🇪🇸 Romans · Spain
1460
-18
🇨🇳 Japanese · China
1450
-17
🇳🇱 Magyars · Netherlands
1427
-16
🇭🇰 Khmer · Hong Kong SAR China
1425
-16
Wizad
3:34 Loom
14:24 Feudal Age
15:32 Double-Bit Axe
18:36 Castle Age
19:51 Bow Saw
21:37 Wheelbarrow
20:48 Town Watch
20:50 Horse Collar
Corpse Highlighter
11:21 Loom
13:06 Feudal Age
17:12 Horse Collar
17:18 Double-Bit Axe
19:37 Town Watch
20:21 Fletching
24:33 Castle Age
2468899547
7:24 Loom
12:52 Feudal Age
14:52 Double-Bit Axe
17:21 Castle Age
18:16 Fletching
21:27 Horse Collar
文風
PaRappa56
7:20 Loom
11:01 Feudal Age
11:53 Double-Bit Axe
11:52 Horse Collar
15:26 Scale Barding Armor
16:49 Forging
21:34 Castle Age
20:43 Bloodlines
22:18 Husbandry
24:26 Chain Barding Armor
Polestar
4:41 Loom
13:39 Feudal Age
18:14 Castle Age
16:52 Double-Bit Axe
19:03 Fletching
19:48 Bodkin Arrow
21:52 Ballistics
23:28 Padded Archer Armor
Wizo
8:09 Loom
12:29 Feudal Age
16:06 Fletching
16:26 Double-Bit Axe
17:41 Wheelbarrow
24:08 Castle Age
24:48 Bodkin Arrow
NahuXeneize
5:20 Loom
13:26 Feudal Age
15:01 Double-Bit Axe
17:58 Castle Age
16:56 Horse Collar
18:56 Bow Saw
22:12 Wheelbarrow
Connection lost

Rejoining the realm…

Still unreachable

The connection could not be restored.

Session expired

The server has moved on; the page needs a fresh start.